 Dungeon Crawl Stone Soup version 0.24.0-10-g970556be89 (webtiles) character file.

Game seed: 2748008794378834722, levelgen mode: deterministic

903 DavidChitty2 the Cleaver (level 7, 0/62 HPs)
             Began as a Minotaur Gladiator on Nov 3, 2019.
             Was an Initiate of Gozag.
             Slain by an ogre
             ... wielding a +0 giant club
              (10 damage)
             ... on level 6 of the Dungeon on Nov 4, 2019.
             The game lasted 00:07:10 (5074 turns).

DavidChitty2 the Cleaver (Minotaur Gladiator)       Turns: 5074, Time: 00:07:10

Health: 0/62       AC:  5    Str: 21    XL:     7   Next: 80%
Magic:  6/6        EV: 10    Int:  5    God:    Gozag
Gold:   394        SH:  0    Dex: 11    Spells: 6/6 levels left

rFire    . . .     SeeInvis .   a - +1 broad axe
rCold    . . .     Gourm    .   (no shield)
rNeg     . . .     Faith    .   i - +0 ring mail
rPois    .         Spirit   .   c - +0 hat
rElec    .         Reflect  .   (no cloak)
rCorr    .         Harm     .   (no gloves)
MR       .....                  (no boots)
Stlth    +.........             (no amulet)
HPRegen  0.20/turn              (no ring)
MPRegen  0.10/turn              (no ring)

@: gold aura, heavily drained
A: retaliatory headbutt, horns 2
a: Potion Petition, Call Merchant, Bribe Branch, Renounce Religion


You were on level 6 of the Dungeon.
You worshipped Gozag.
Gozag was aware of your devotion.
You were not hungry.

You visited 1 branch of the dungeon, and saw 6 of its levels.

You collected 417 gold pieces.
You paid 23 gold pieces to Gozag.

Inventory:

Hand Weapons
 a - a +1 broad axe (weapon)
   (You found it on level 3 of the Dungeon)
 s - a +2 war axe of chopping
   (You found it on level 4 of the Dungeon)
Missiles
 d - 3 throwing nets (quivered) {!f}
Armour
 c - a +0 hat (worn)
 i - a +0 ring mail (worn)
   (You found it on level 3 of the Dungeon)
Wands
 v - a wand of digging (3)
   (You found it on level 5 of the Dungeon)
Scrolls
 b - a scroll of blinking
 h - 3 scrolls of teleportation {@r4}
 j - 4 scrolls of identify {@r1}
 k - a scroll of noise {!r}
 q - 2 scrolls of amnesia
 r - a scroll of remove curse {@r2}
Potions
 g - 2 potions of lignification {!q}
 l - a potion of invisibility
 m - 2 potions of cancellation
 o - a potion of resistance
 p - a potion of curing {@q1}
Comestibles
 e - 6 rations {!d}


   Skills:
 + Level 5.7(3.1) Fighting
 * Level 8.4(5.6) Axes
 - Level 2.0(0.0) Throwing
 + Level 5.0(2.5) Armour
 - Level 3.2(0.8) Dodging


You had 6 spell levels left.
You didn't know any spells.
Your spell library was empty.

Dungeon Overview and Level Annotations

Branches:
Dungeon (6/15)             Temple (0/1) D:5

Altars:
Ashenzari
Cheibriados
Fedhas
Gozag
Hepliaklqana
Sif Muna

Shops:
D:4 }


Innate Abilities, Weirdness & Mutations

You reflexively headbutt those who attack you in melee.
You have a pair of horns on your head.


Message History

You slash the worker ant!
You kill the worker ant!
No target in view!
No target in view!
You now have 376 gold pieces (gained 5).
You see here a mace.
An ice beast comes into view.
An ice beast is nearby!
Found 23 sling bullets.
The ice beast misses you.
You barely miss the ice beast.
The ice beast hits you but does no damage.
You hit the ice beast but do no damage.
You headbutt the ice beast, but do no damage.
The ice beast closely misses you. You furiously retaliate!
You headbutt the ice beast, but do no damage.
The ice beast hits you but does no damage.
You slash the ice beast! You headbutt the ice beast.
The ice beast hits you but does no damage.
You hit the ice beast but do no damage. The ice beast barely misses you.
You furiously retaliate!
You headbutt the ice beast. You completely miss the ice beast.
Your headbutt misses the ice beast. The ice beast closely misses you.
The ice beast hits you but does no damage.
You slash the ice beast! The ice beast hits you. The ice beast freezes you!
You barely miss the ice beast. Your headbutt misses the ice beast.
The ice beast closely misses you. You furiously retaliate!
You headbutt the ice beast!
You kill the ice beast!
Your base Armour skill increases to level 5!
You now have 394 gold pieces (gained 18).
You eat one of the 7 rations {!d}.
That ration really hit the spot!
An ogre comes into view. It is wielding a +0 giant club.
The ogre shouts!
Found a shattered altar of Ashenzari.
An ogre is nearby!
An ogre is nearby!
Found 16 gold pieces.
The ogre barely misses you. You furiously retaliate!
You headbutt the ogre! You hit the ogre.
The ogre hits you with a +0 giant club!!
* * * LOW HITPOINT WARNING * * *
You barely miss the ogre. You headbutt the ogre!
The ogre hits you with a +0 giant club!!
* * * LOW HITPOINT WARNING * * *
You barely miss the ogre.
You headbutt the ogre, but do no damage.
The ogre hits you with a +0 giant club!
You die...
Your body crumbles into a pile of gold.

#### ....# ......
$..(..#
###....#############
#_#.....O@....)....#
$
#+#....###########.#
##### #<# #.# $ #.#
#.# #.# #.# #.#


You could see an ogre.

Vanquished Creatures
  Menkaure (D:4)
  Duvessa (D:4)
  An ice beast (D:6)
  Dowan (D:4)
  4 wights
  A howler monkey (D:5)
  An orc priest (D:5)
  A hound (D:5)
  An orc wizard (D:5)
  3 worker ants
  A killer bee zombie (D:5)
  A hound skeleton (D:4)
  8 adders
  An adder zombie (D:5)
  3 worms (D:2)
  2 leopard geckos
  3 orcs
  8 bats
  6 goblins
  7 hobgoblins
  11 jackals
  7 kobolds
  A quokka (D:2)
  3 ball pythons
  A frilled lizard (D:2)
  A quokka zombie (D:4)
  4 rats
83 creatures vanquished.

Notes
Turn   | Place    | Note
-------+----------+-------------------------------------------
     0 | D:1      | DavidChitty2 the Minotaur Gladiator began the quest for the
                  | Orb.
     0 | D:1      | Reached XP level 1. HP: 18/18 MP: 0/0
   201 | D:1      | Reached skill level 4 in Axes
   230 | D:1      | Reached XP level 2. HP: 25/25 MP: 1/1
   288 | D:1      | Reached skill level 1 in Armour
  1028 | D:2      | Reached XP level 3. HP: 31/31 MP: 2/2
  1487 | D:2      | Reached skill level 5 in Axes
  1487 | D:2      | Reached XP level 4. HP: 25/38 MP: 3/3
  2050 | D:3      | Found a blossoming altar of Fedhas.
  2221 | D:3      | Found an opulent altar of Gozag.
  2240 | D:3      | Became a worshipper of Gozag Ym Sagoz the Greedy
  2328 | D:3      | Found a snail-covered altar of Cheibriados.
  2335 | D:3      | Found a hazy altar of Hepliaklqana.
  2335 | D:3      | Found a shimmering blue altar of Sif Muna.
  2641 | D:4      | Reached XP level 5. HP: 46/46 MP: 4/4
  2759 | D:4      | Noticed Dowan
  2769 | D:4      | Noticed Duvessa
  2780 | D:4      | Killed Duvessa
  2780 | D:4      | Reached skill level 6 in Axes
  2780 | D:4      | Reached XP level 6. HP: 47/52 MP: 5/5
  2785 | D:4      | Killed Dowan
  2881 | D:4      | Noticed Menkaure
  2895 | D:4      | Killed Menkaure
  2895 | D:4      | Reached skill level 7 in Axes
  3280 | D:4      | Found Bups's Gadget Shoppe.
  3334 | D:5      | Entered Level 5 of the Dungeon
  3373 | D:4      | Reached skill level 5 in Fighting
  3373 | D:4      | Reached XP level 7. HP: 61/61 MP: 6/6
  3748 | D:5      | Found a staircase to the Ecumenical Temple.
  3802 | D:5      | HP: 2/61 [wight/cursed +0 dire flail (4)]
  3830 | D:5      | HP: 3/61 [wight/cursed +0 dire flail (4)]
  4526 | D:5      | Reached skill level 8 in Axes
  5059 | D:6      | Reached skill level 5 in Armour
  5064 | D:6      | Found a shattered altar of Ashenzari.
  5074 | D:6      | Slain by an ogre

Levels and vault maps discovered:
D:1:      matt_arrival_los_fun, layout_basic
D:2:      layout_basic
D:3:      layout_rooms, lemuel_coloured_pillars_altar,
          gammafunk_temple_overflow_forgotten, lemuel_round_altar, first_ration
D:4:      layout_basic, serial_shops, shop, uniq_duvessa, uniq_menkaure
D:5:      layout_basic, minmay_temple_entry_water_ring,
          minmay_stone_trees_medium
D:6:      layout_basic, ashenzari_conservatory_becter

Skill      XL: |  1  2  3  4  5  6  7 |
---------------+----------------------+-----
Axes           | 4 5 6 7 8 |  8.4
Armour         | 1 2 3 4 5 |  5.0
Fighting       | 3 4 5 |  5.7
Throwing       | |  2.0
Dodging        | |  3.2

Action                   |  1- 3 |  4- 6 |  7- 9 || total
-------------------------+-------+-------+-------++-------
Melee: War axe           |    70 |    13 |       ||    83
       Headbutt          |     9 |     9 |    21 ||    39
       Broad axe         |       |    50 |    58 ||   108
Throw: Throwing net      |       |       |     2 ||     2
Invok: Potion Petition   |       |     1 |       ||     1
  Use: Potion            |       |     8 |       ||     8
       Scroll            |       |       |     9 ||     9
  Eat: Chunk             |     2 |     3 |       ||     5
       Ration            |       |     1 |     2 ||     3
Armor: Leather armour    |    16 |     2 |       ||    18
       Ring mail         |       |    17 |    15 ||    32
       Skin              |       |     3 |       ||     3
Dodge: Dodged            |    43 |    52 |    48 ||   143
